Map: Moondance

Players

trigger - Winner!

  • Race: Protoss Protoss
  • Spawn Location: 12:00

Bunny

  • Race: Terran Terran
  • Spawn Location: 6:00

Event: DreamHack SC2 Masters 2022 Atlanta (Offline)

VOD

Have the link to the VOD?

Description

Time

  • Played on: Nov. 19, 2022, 9:28 a.m.
  • Length: 4:13

All games in this series

Show
View Real Time Build Order
Export as new Build Order

trigger Protoss - Winner!

Build Orders: Phoenix Opening, Proxy Void Ray 

Get SALT Encoding   

  12  0:10  Pylon  
  12  0:13  Probe  
  13  0:25  Probe (Chrono Boost)  
  14  0:30  Gateway  
  15  0:37  Probe (Chrono Boost)  
  15  0:40  Assimilator  
  15  0:43  Probe (Chrono Boost)  
  15  0:49  Assimilator  
  16  0:52  Probe  
  17  1:04  Probe  
  18  1:16  Cybernetics Core  
  18  1:17  Zealot  
  20  1:20  Probe  
  21  1:32  Probe  
  21  1:35  Pylon  
  22  1:53  Stargate  
  23  1:56  Adept  
  23  2:00  Shield Battery  
  24  2:08  Shield Battery  
  24  2:11  Probe  
  25  2:22  Shield Battery  
  29  2:39  Void Ray (Chrono Boost)  
  29  2:42  Pylon  
  27  2:50  Shield Battery  
  27  2:58  Shield Battery  
  31  3:13  Void Ray (Chrono Boost)  
  31  3:28  Probe  
  32  3:34  Shield Battery  
  32  3:39  Phoenix (Chrono Boost)  
Show
View Real Time Build Order
Export as new Build Order

Bunny Terran 

Build Orders:  

Get SALT Encoding   

  12  0:00  SCV  
  13  0:12  SCV  
  14  0:17  Supply Depot  
  14  0:24  SCV  
  15  0:38  SCV  
  15  0:40  Barracks  
  16  0:44  Refinery  
  16  0:50  SCV  
  17  1:00  Engineering Bay  
  17  1:03  SCV  
  18  1:15  SCV  
  19  1:29  Reaper, Orbital Command  
  20  1:42  Supply Depot  
  20  1:55  SCV  
  21  2:02  Command Center  
  21  2:05  Marine  
  22  2:10  SCV  
  23  2:17  Factory  
  23  2:23  Barracks Reactor  
  23  2:25  SCV  
  24  2:32  Barracks Reactor  
  24  2:37  SCV  
  24  2:43  Refinery  
  25  2:49  SCV  
  26  3:01  Factory Tech Lab  
  26  3:02  SCV  
  27  3:09  Marine x2  
  28  3:14  Supply Depot, SCV  
  28  3:16  Orbital Command  
  28  3:19  Cyclone  
  31  3:26  Marine  
  31  3:27  Marine  
  28  3:45  Marine x2  
Tags
 
Add a new tag
Caveats
  • Supply blocks, unpowered buildings, or Contaminate may cause inaccurate times.
  • Supply counts are checked every 10 seconds.